| TOP OF THE 1ST |
|
Cleveland (APP) Indians batting - Pitching for Baltimore (APP) Orioles : RHP Bruce Yeager
|
|
Pitching: RHP Bruce Yeager
|
|
|
Batting: RHB Andy Lewis
|
0-0: Ball 1-0: Fly out, F9 (Line Drive, 9D, EV 84.4 MPH)
|
|
Batting: LHB Mesfin Azagba
|
0-0: Ground out 4-3 (Groundball, 4, EV 106.2 MPH)
|
|
Batting: LHB Justin Rankin
|
0-0: Called Strike 0-1: Swinging Strike 0-2: Strikes out swinging
|
| Top of the 1st over - 0 runs, 0 hits, 0 errors, 0 left on base; Cleveland (APP) 0 - Baltimore (APP) 0 |
| BOTTOM OF THE 1ST |
|
Baltimore (APP) Orioles batting - Pitching for Cleveland (APP) Indians : RHP Tom Frost
|
|
Pitching: RHP Tom Frost
|
|
|
Batting: SHB Eric Kelley
|
0-0: Called Strike 0-1: Ground out 5-3 (Groundball, 56, EV 98.8 MPH)
|
|
Batting: RHB C.J. Wells
|
0-0: Fly out, F8 (Line Drive, 8LM, EV 93.1 MPH)
|
|
Batting: LHB Xue-liang Zhou
|
0-0: Ball 1-0: Called Strike 1-1: Called Strike 1-2: Fly out, F5 (Popup, 5SF, EV 80.0 MPH)
|
| Bottom of the 1st over - 0 runs, 0 hits, 0 errors, 0 left on base; Cleveland (APP) 0 - Baltimore (APP) 0 |
| TOP OF THE 2ND |
|
Cleveland (APP) Indians batting - Pitching for Baltimore (APP) Orioles : RHP Bruce Yeager
|
|
Batting: SHB Jay Rook
|
0-0: Foul Ball, location: 2F 0-1: Ball 1-1: Ball 2-1: Swinging Strike 2-2: Ball 3-2: Foul Ball, location: 2F 3-2: Ground out U3 (Groundball, 3, EV 82.5 MPH)
|
|
Batting: RHB Justin Teague
|
0-0: Called Strike 0-1: Swinging Strike 0-2: Ball 1-2: Hit by Pitch
|
|
Batting: LHB Justin Eargle
|
0-0: Ball 1-0: Ball 2-0: Ball 3-0: Base on Balls Justin Teague to second
|
|
Batting: RHB Makoto Narita
|
0-0: Ball 1-0: Ball 2-0: Swinging Strike 2-1: Grounds into double play, 6-4-3 (Groundball, 6, EV 110.0 MPH)
|
| Top of the 2nd over - 0 runs, 0 hits, 0 errors, 1 left on base; Cleveland (APP) 0 - Baltimore (APP) 0 |
| BOTTOM OF THE 2ND |
|
Baltimore (APP) Orioles batting - Pitching for Cleveland (APP) Indians : RHP Tom Frost
|
|
Batting: RHB Minoru Matsumoto
|
0-0: Reached on error, E5 (Groundball, 56, EV 103.1 MPH)
|
|
Batting: LHB Chris Cohen
|
0-0: Ball 1-0: Called Strike 1-1: Fly out, F9 (Flyball, 9, EV 80.0 MPH)
|
|
Batting: RHB Ruben Domingues
|
0-0: Called Strike 0-1: Ball 1-1: Swinging Strike 1-2: Strikes out looking
|
|
Batting: LHB Edwin Cabral
|
0-0: Called Strike 0-1: Ball Wild Pitch! Minoru Matsumoto to second 1-1: Called Strike 1-2: Strikes out swinging
|
| Bottom of the 2nd over - 0 runs, 0 hits, 1 error, 1 left on base; Cleveland (APP) 0 - Baltimore (APP) 0 |
| TOP OF THE 3RD |
|
Cleveland (APP) Indians batting - Pitching for Baltimore (APP) Orioles : RHP Bruce Yeager
|
|
Batting: RHB Patrick Pinault
|
0-0: Called Strike 0-1: Foul Ball, location: 2F 0-2: Ball 1-2: Ball 2-2: Strikes out swinging
|
|
Batting: LHB Mario Garza
|
0-0: Ball 1-0: Ball 2-0: Foul Ball, location: 2F 2-1: Ball 3-1: Called Strike 3-2: Base on Balls
|
|
Batting: RHB Andy Lewis
|
0-0: Ball Mario Garza steals 2nd base 1-0: Called Strike 1-1: Foul Ball, location: 2F 1-2: 2-RUN HOME RUN (Flyball, 7D, EV 106.2 MPH), Distance : 390 ft
|
|
Batting: LHB Mesfin Azagba
|
0-0: SINGLE (Groundball, 4MD, EV 108.8 MPH)
|
|
Batting: LHB Justin Rankin
|
0-0: Called Strike 0-1: Called Strike 0-2: Foul Ball, location: 2F 0-2: Strikes out swinging
|
|
Batting: SHB Jay Rook
|
0-0: Called Strike 0-1: Ball 1-1: Swinging Strike 1-2: Strikes out looking
|
| Top of the 3rd over - 2 runs, 2 hits, 0 errors, 1 left on base; Cleveland (APP) 2 - Baltimore (APP) 0 |
| BOTTOM OF THE 3RD |
|
Baltimore (APP) Orioles batting - Pitching for Cleveland (APP) Indians : RHP Tom Frost
|
|
Batting: LHB Ivan Alvarez
|
0-0: Ball 1-0: Fly out, F8 (Line Drive, 8LD, EV 105.0 MPH)
|
|
Batting: RHB Imbart van Rens
|
0-0: Called Strike 0-1: Ball 1-1: Ball 2-1: Foul Ball, location: 2F 2-2: Fly out, F7 (Flyball, 78S, EV 80.0 MPH)
|
|
Batting: SHB Eric Kelley
|
0-0: Ball 1-0: Foul Ball, location: 2F 1-1: SINGLE (Flyball, 5D, EV 93.1 MPH)
|
|
Batting: RHB C.J. Wells
|
0-0: Ball 1-0: Ball 2-0: Called Strike 2-1: Foul Ball, location: 2F 2-2: Ball 3-2: Fly out, F4 (Popup, 3, EV 75.6 MPH)
|
| Bottom of the 3rd over - 0 runs, 1 hit, 0 errors, 1 left on base; Cleveland (APP) 2 - Baltimore (APP) 0 |
| TOP OF THE 4TH |
|
Cleveland (APP) Indians batting - Pitching for Baltimore (APP) Orioles : RHP Bruce Yeager
|
|
Batting: RHB Justin Teague
|
0-0: Ball 1-0: Called Strike 1-1: Called Strike 1-2: Ground out 6-3 (Groundball, 56, EV 86.9 MPH)
|
|
Batting: LHB Justin Eargle
|
0-0: Swinging Strike 0-1: Called Strike 0-2: Strikes out swinging
|
|
Batting: RHB Makoto Narita
|
0-0: Ball 1-0: Ball 2-0: Ball 3-0: Called Strike 3-1: Base on Balls
|
|
Batting: RHB Patrick Pinault
|
0-0: SINGLE (Line Drive, 4MD, EV 99.4 MPH) Makoto Narita to second
|
|
Batting: LHB Mario Garza
|
0-0: Foul Ball, location: 2F 0-1: Ball 1-1: Ball 2-1: Foul Ball, location: 2F 2-2: Strikes out swinging
|
| Top of the 4th over - 0 runs, 1 hit, 0 errors, 2 left on base; Cleveland (APP) 2 - Baltimore (APP) 0 |
| BOTTOM OF THE 4TH |
|
Baltimore (APP) Orioles batting - Pitching for Cleveland (APP) Indians : RHP Tom Frost
|
|
Batting: LHB Xue-liang Zhou
|
0-0: Ball 1-0: Foul Ball, location: 2F 1-1: Swinging Strike 1-2: Foul Ball, location: 2F 1-2: Strikes out swinging, 2-3 out at first.
|
|
Batting: RHB Minoru Matsumoto
|
0-0: Ball 1-0: Foul Ball, location: 2F 1-1: Called Strike 1-2: Foul Ball, location: 2F 1-2: Strikes out swinging
|
|
Batting: LHB Chris Cohen
|
0-0: Foul Ball, location: 2F 0-1: Ball 1-1: Ball 2-1: Ball 3-1: Called Strike 3-2: Foul Ball, location: 2F 3-2: Foul Ball, location: 2F 3-2: SOLO HOME RUN (Flyball, 9D, EV 100.0 MPH), Distance : 398 ft
|
|
Batting: RHB Ruben Domingues
|
0-0: Ball 1-0: Called Strike 1-1: Ground out 5-3 (Groundball, 56, EV 87.5 MPH)
|
| Bottom of the 4th over - 1 run, 1 hit, 0 errors, 0 left on base; Cleveland (APP) 2 - Baltimore (APP) 1 |
| TOP OF THE 5TH |
|
Cleveland (APP) Indians batting - Pitching for Baltimore (APP) Orioles : RHP Bruce Yeager
|
|
Batting: RHB Andy Lewis
|
0-0: Ball 1-0: Foul Ball, location: 2F 1-1: Ground out 4-3 (Groundball, 4, EV 92.5 MPH)
|
|
Batting: LHB Mesfin Azagba
|
0-0: Ball 1-0: Fly out, F9 (Line Drive, 89M, EV 89.4 MPH)
|
|
Batting: LHB Justin Rankin
|
0-0: SINGLE (Groundball, 6, EV 98.8 MPH)
|
|
Batting: SHB Jay Rook
|
0-0: Ball 1-0: Ground out 4-3 (Groundball, 4, EV 81.9 MPH)
|
| Top of the 5th over - 0 runs, 1 hit, 0 errors, 1 left on base; Cleveland (APP) 2 - Baltimore (APP) 1 |
| BOTTOM OF THE 5TH |
|
Baltimore (APP) Orioles batting - Pitching for Cleveland (APP) Indians : RHP Tom Frost
|
|
Batting: LHB Edwin Cabral
|
0-0: SOLO HOME RUN (Flyball, 9D, EV 96.2 MPH), Distance : 379 ft
|
|
Batting: LHB Ivan Alvarez
|
0-0: Called Strike 0-1: Ball 1-1: Ball 2-1: Called Strike 2-2: Strikes out swinging
|
|
Batting: RHB Imbart van Rens
|
0-0: Ball 1-0: Foul Ball, location: 2F 1-1: Ball 2-1: Swinging Strike 2-2: Foul Ball, location: 2F 2-2: Strikes out swinging
|
|
Batting: SHB Eric Kelley
|
0-0: Foul Ball, location: 2F 0-1: Foul Ball, location: 2F 0-2: Ball 1-2: Ground out 5-3 (Groundball, 56S, EV 61.9 MPH)
|
| Bottom of the 5th over - 1 run, 1 hit, 0 errors, 0 left on base; Cleveland (APP) 2 - Baltimore (APP) 2 |
| TOP OF THE 6TH |
|
Cleveland (APP) Indians batting - Pitching for Baltimore (APP) Orioles : RHP Bruce Yeager
|
|
Batting: RHB Justin Teague
|
0-0: Ground out 5-3 (Groundball, 56, EV 103.8 MPH)
|
|
Batting: LHB Justin Eargle
|
0-0: Ball 1-0: Foul Ball, location: 2F 1-1: SINGLE (Groundball, 4MS, EV 67.5 MPH) (infield hit)
|
|
Batting: RHB Makoto Narita
|
0-0: Ball 1-0: Ball 2-0: Called Strike 2-1: Foul Ball, location: 2F 2-2: Ball 3-2: SINGLE (Flyball, 3D, EV 87.5 MPH) Justin Eargle to second
|
|
Pitching: RHP Dave Patenaude
|
|
|
Pinch Hitting: RHB Kevin Trull
|
0-0: Fly out, F7 (Flyball, 7S, EV 78.1 MPH)
|
|
Pinch Hitting: RHB Luke Burnham
|
0-0: Foul Ball, location: 2F 0-1: Foul Ball, location: 2F 0-2: Ball 1-2: Strikes out swinging
|
| Top of the 6th over - 0 runs, 2 hits, 0 errors, 2 left on base; Cleveland (APP) 2 - Baltimore (APP) 2 |
| BOTTOM OF THE 6TH |
|
Baltimore (APP) Orioles batting - Pitching for Cleveland (APP) Indians : RHP Tom Frost
|
|
Now at 2B: Makoto Narita
|
|
|
Now at SS: Luke Burnham
|
|
|
Now in LF: Shane Montalvo
|
|
|
Batting: RHB C.J. Wells
|
0-0: SOLO HOME RUN (Line Drive, 7LD, EV 94.4 MPH), Distance : 365 ft
|
|
Batting: LHB Xue-liang Zhou
|
0-0: Swinging Strike 0-1: Foul Ball, location: 2F 0-2: Ball 1-2: Foul Ball, location: 2F 1-2: SOLO HOME RUN (Flyball, 7LD, EV 93.1 MPH), Distance : 368 ft
|
|
Batting: RHB Minoru Matsumoto
|
0-0: Ball 1-0: Ball 2-0: SINGLE (Flyball, 3D, EV 97.5 MPH)
|
|
Batting: LHB Chris Cohen
|
0-0: Swinging Strike 0-1: Swinging Strike 0-2: Ball 1-2: DOUBLE (Flyball, 8RXD, EV 96.9 MPH) Minoru Matsumoto to third
|
|
Batting: RHB Ruben Domingues
|
0-0: Called Strike 0-1: Foul Ball, location: 2F 0-2: Strikes out swinging
|
|
Batting: LHB Edwin Cabral
|
0-0: Foul Ball, location: 2F 0-1: Ball 1-1: Swinging Strike 1-2: Strikes out looking
|
|
Batting: LHB Ivan Alvarez
|
0-0: Called Strike 0-1: Ball 1-1: Foul Ball, location: 2F 1-2: Foul Ball, location: 2F 1-2: Foul Ball, location: 2F 1-2: Strikes out swinging
|
| Bottom of the 6th over - 2 runs, 4 hits, 0 errors, 2 left on base; Cleveland (APP) 2 - Baltimore (APP) 4 |
| TOP OF THE 7TH |
|
Cleveland (APP) Indians batting - Pitching for Baltimore (APP) Orioles : RHP Dave Patenaude
|
|
Batting: RHB Andy Lewis
|
0-0: Foul Ball, location: 2F 0-1: Swinging Strike 0-2: Hit by Pitch
|
|
Pitching: LHP Fadeuka Aleev
|
|
|
Batting: LHB Mesfin Azagba
|
0-0: Ball 1-0: Ball 2-0: Foul Ball, location: 2F 2-1: Swinging Strike 2-2: Strikes out swinging
|
|
Batting: LHB Justin Rankin
|
|
|
DELAY
|
Rain delay of 47 minutes in the 7th inning. 0-0: Ball Andy Lewis is caught stealing 2nd base 2-6 1-0: Ball 2-0: Foul Ball, location: 2F 2-1: Swinging Strike 2-2: Foul Ball, location: 2F 2-2: Strikes out swinging
|
| Top of the 7th over - 0 runs, 0 hits, 0 errors, 0 left on base; Cleveland (APP) 2 - Baltimore (APP) 4 |
| BOTTOM OF THE 7TH |
|
Baltimore (APP) Orioles batting - Pitching for Cleveland (APP) Indians : RHP Tom Frost
|
|
Pitching: LHP Jordan Jimenez
|
|
|
Batting: RHB Imbart van Rens
|
0-0: Ball 1-0: Called Strike 1-1: Ball 2-1: Swinging Strike 2-2: Strikes out swinging
|
|
Batting: SHB Eric Kelley
|
0-0: Ball 1-0: Ball 2-0: Swinging Strike 2-1: Ball 3-1: Foul Ball, location: 2F 3-2: Foul Ball, location: 2F 3-2: Base on Balls
|
|
Batting: RHB C.J. Wells
|
0-0: Swinging Strike 0-1: Foul Ball, location: 2F 0-2: Ball 1-2: Strikes out looking Eric Kelley steals 2nd base (no throw) Batter strikes out.
|
|
Batting: LHB Xue-liang Zhou
|
0-0: Foul Ball, location: 2F 0-1: Ball 1-1: Ground out 4-3 (Groundball, 4, EV 86.2 MPH)
|
| Bottom of the 7th over - 0 runs, 0 hits, 0 errors, 1 left on base; Cleveland (APP) 2 - Baltimore (APP) 4 |
| TOP OF THE 8TH |
|
Cleveland (APP) Indians batting - Pitching for Baltimore (APP) Orioles : LHP Fadeuka Aleev
|
|
Pitching: RHP Rod Najera
|
|
|
Batting: SHB Jay Rook
|
0-0: Ball 1-0: Ball 2-0: Foul Ball, location: 2F 2-1: DOUBLE (Groundball, 3L, EV 105.0 MPH)
|
|
Batting: RHB Justin Teague
|
0-0: Ball 1-0: Swinging Strike 1-1: Foul Ball, location: 2F 1-2: Ground out 5-3 (Groundball, 56, EV 78.1 MPH)
|
|
Batting: LHB Justin Eargle
|
0-0: Ball 1-0: Foul Ball, location: 2F 1-1: Foul Ball, location: 2F 1-2: Ball 2-2: Foul Ball, location: 2F 2-2: Foul Ball, location: 2F 2-2: Ball 3-2: Ground out 6-3 (Groundball, 6, EV 82.5 MPH)
|
|
Batting: RHB Makoto Narita
|
0-0: Ball 1-0: Fly out, F9 (Flyball, 9S, EV 81.2 MPH)
|
| Top of the 8th over - 0 runs, 1 hit, 0 errors, 1 left on base; Cleveland (APP) 2 - Baltimore (APP) 4 |
| BOTTOM OF THE 8TH |
|
Baltimore (APP) Orioles batting - Pitching for Cleveland (APP) Indians : LHP Jordan Jimenez
|
|
Batting: RHB Minoru Matsumoto
|
0-0: Ball 1-0: Called Strike 1-1: Called Strike 1-2: Strikes out swinging
|
|
Batting: LHB Chris Cohen
|
0-0: Called Strike 0-1: Ball 1-1: Ground out 6-3 (Groundball, 6, EV 106.2 MPH)
|
|
Batting: RHB Ruben Domingues
|
0-0: Ball 1-0: Ball 2-0: Ground out 6-3 (Groundball, 6, EV 92.5 MPH)
|
| Bottom of the 8th over - 0 runs, 0 hits, 0 errors, 0 left on base; Cleveland (APP) 2 - Baltimore (APP) 4 |
| TOP OF THE 9TH |
|
Cleveland (APP) Indians batting - Pitching for Baltimore (APP) Orioles : RHP Rod Najera
|
|
Pitching: RHP Harold Price
|
|
|
Batting: LHB Shane Montalvo
|
0-0: Called Strike 0-1: Ground out 4-3 (Groundball, 34D, EV 85.0 MPH)
|
|
Batting: RHB Luke Burnham
|
0-0: Called Strike 0-1: Ball 1-1: Called Strike 1-2: Ball 2-2: Ball 3-2: SINGLE (Groundball, 4MD, EV 107.5 MPH)
|
|
Batting: RHB Andy Lewis
|
0-0: Reached on error, E6 (Groundball, 6M, EV 83.1 MPH) Luke Burnham to second
|
|
Batting: LHB Mesfin Azagba
|
0-0: Ball 1-0: Fly out, F7 (Flyball, 78S, EV 84.4 MPH) Lined into DP, 7-4 (Flyball, 78S, EV 84.4 MPH)
|
| Top of the 9th over - 0 runs, 1 hit, 1 error, 1 left on base; Cleveland (APP) 2 - Baltimore (APP) 4 |
|